AoeStats
← Spatana2177

Arena

505478714Analyzed
3v3 RM · 24d ago on Sep 9, 2026· 36m 26s· 6 players
Game mode
Random Map
Map size
Normal (6 player)
Population
200
Speed
Normal
Resources
Standard
Victory
Conquest
Starting age
Dark Age
Ending age
Imperial Age
RankedLock teamsTeams togetherTeam positionsShared explorationLock speedFull tech treeHidden civsTurbo modeCheats
Victory
Defeat
🇩🇪 Vikings · Germany
1379
+15
🇩🇪 Japanese · Germany
1339
+16
🇩🇪 Hindustanis · Germany
1278
+19
🇹🇼 Italians · Taiwan
1357
-17
🇹🇼 Bengalis · Taiwan
1356
-17
🇹🇼 Spanish · Taiwan
1329
-16
Murschann
7:56 Loom
11:44 Feudal Age
15:24 Castle Age
12:47 Man-at-Arms
13:13 Arson
14:00 Double-Bit Axe
16:26 Scale Mail Armor
16:36 Forging
22:59 Horse Collar
24:39 Pikeman
31:51 Imperial Age
32:16 Bow Saw
Spatana2177
10:40 Feudal Age
14:29 Castle Age
12:53 Double-Bit Axe
13:17 Horse Collar
20:51 Loom
22:27 Wheelbarrow
22:28 Gold Mining
22:53 Stone Mining
23:24 Bow Saw
24:58 Heavy Plow
29:44 Imperial Age
28:38 Husbandry
28:49 Bloodlines
28:48 Scale Barding Armor
28:54 Forging
29:04 Fletching
30:09 Heavy Camel Rider
31:13 Chain Barding Armor
31:29 Iron Casting
32:21 Gold Shaft Mining
32:48 Plate Barding Armor
32:41 Imperial Camel Rider
35:17 Blast Furnace
KIV.4dd44
10:03 Feudal Age
13:48 Castle Age
11:48 Horse Collar
13:44 Double-Bit Axe
14:49 Bow Saw
16:39 Heavy Plow
23:23 Loom
26:12 Imperial Age
23:47 Stone Mining
23:48 Gold Mining
24:18 Fletching
24:50 Ballistics
24:03 Crossbowman
25:28 Bodkin Arrow
27:04 Bracer
29:10 Chemistry
31:48 Two-Man Saw
31:16 Conscription
30:49 Town Watch
31:55 Padded Archer Armor
31:25 Arbalester
33:18 Gold Shaft Mining
33:28 Leather Archer Armor
34:10 Bogsveigar
34:27 Town Watch
35:35 Ring Archer Armor
36:40 Scale Mail Armor
36:50 Forging
[ITCF]yuli
11:46 Feudal Age
15:14 Castle Age
13:59 Double-Bit Axe
13:57 Horse Collar
14:35 Gold Mining
17:11 Bow Saw
20:44 Loom
31:24 Wheelbarrow
31:42 Coinage
34:53 Imperial Age
33:52 Fortified Wall
33:54 Masonry
34:20 Fletching
34:31 Padded Archer Armor
36:59 Chemistry
36:59 Conscription
36:53 Pirotechnia
[ITCF]Hentai
10:57 Feudal Age
14:45 Castle Age
12:35 Horse Collar
13:51 Double-Bit Axe
17:00 Sanctity
16:50 Fervor
18:12 Fervor
18:13 Loom
22:36 Bow Saw
23:26 Husbandry
25:49 Wheelbarrow
27:04 Town Watch
27:53 Heavy Plow
32:28 Imperial Age
30:28 Hand Cart
30:20 Fletching
30:30 Padded Archer Armor
31:09 Coinage
31:01 Bodkin Arrow
31:49 Bloodlines
32:11 Leather Archer Armor
31:59 Gold Mining
32:12 Caravan
33:23 Ballistics
32:42 Elite Elephant Archer
33:45 Bracer
35:08 Chemistry
[ITCF]TANK
11:18 Feudal Age
14:58 Castle Age
13:14 Double-Bit Axe
16:59 Bow Saw
17:20 Horse Collar
17:38 Gold Mining
19:13 Loom
25:19 Wheelbarrow
30:44 Imperial Age
28:47 Town Watch
29:22 Fletching
29:43 Stone Mining
30:10 Bodkin Arrow
32:29 Chemistry
31:40 Fortified Wall
32:33 Hand Cart
Connection lost

Rejoining the realm…

Still unreachable

The connection could not be restored.

Session expired

The server has moved on; the page needs a fresh start.